[ AOE2 MATCH · #505420455 ]
UnrankedMapuche vs Incas
Player's team · LOSS
Rival team · WIN
[ REPLAY ANALYSIS · EXTRACTED FROM THE RECORDED GAME ]
Feudal
10:06
Castle
—
Imperial
—
| APM avg | 76.9 |
| APM peak | 110 |
| eAPM avg | 40.9 |
| Villagers / military | 52 / 3 |
Focus
⚔️ 72.9% · 🌾 27.1%
Unknown (2550) ×34 · Skirmisher ×3
Feudal
13:00
Castle
23:11
Imperial
—
| APM avg | 66.5 |
| APM peak | 103 |
| eAPM avg | 29.2 |
| Villagers / military | 50 / 5 |
Focus
⚔️ 40.3% · 🌾 59.7%
Unknown (2550) ×43 · Petard ×5
Match map
Initial resources + every placement click. Lines = walls · curves = elevation contours. ◆ gold · ⬟ stone · ● berries · ✦ relic · ◌ wall gap
Your base· ✓ Closed at 22:53 · 38t walls · 2 gate(s)
Rayzor's base· Open — 6t gap
Smoothed initial terrain · ◌ = detected wall gap · hover for details
Inputs per minute
— ANKR.Navvy - - Rayzor
Build order — ANKR.Navvy
First 150 of 158 actions detected
| 0:00 | Create | Villager (Male) ×4 |
| 0:01 | Create | Villager (Male) ×4 |
| 0:02 | Build | House |
| 0:02 | Build | House |
| 1:28 | Create | Villager (Male) |
| 1:56 | Create | Villager (Male) |
| 2:14 | Create | Villager (Male) |
| 2:25 | Build | Settlement |
| 2:43 | Create | Villager (Male) |
| 2:44 | Create | Villager (Male) |
| 3:14 | Create | Villager (Male) |
| 3:19 | Create | Villager (Male) |
| 4:03 | Create | Villager (Male) |
| 4:18 | Create | Villager (Male) |
| 4:47 | Create | Villager (Male) |
| 5:08 | Build | House |
| 5:14 | Create | Villager (Male) |
| 5:37 | Build | Barracks |
| 5:41 | Create | Villager (Male) |
| 6:09 | Create | Villager (Male) |
| 6:31 | Create | Unit 2550 |
| 6:31 | Create | Unit 2550 |
| 6:32 | Create | Villager (Male) |
| 6:54 | Create | Villager (Male) |
| 7:19 | Research | Loom |
| 7:40 | Build | Settlement |
| 7:51 | Research | Feudal Age |
| 8:06 | Build | Palisade Wall |
| 8:08 | Build | Palisade Wall |
| 8:15 | Create | Villager (Male) |
| 9:04 | Build | Settlement |
| 9:05 | Build | Palisade Wall |
| 9:23 | Build | Farm |
| 9:29 | Build | Farm |
| 9:50 | Create | Unit 2550 |
| 9:57 | Build | Farm |
| 10:06 | Age | Feudal Age |
| 10:08 | Create | Skirmisher |
| 10:29 | Research | Tech 1402 |
| 10:29 | Research | Tech 1402 |
| 10:31 | Create | Villager (Male) |
| 10:37 | Create | Skirmisher |
| 10:41 | Research | Double-Bit Axe |
| 10:48 | Create | Villager (Male) |
| 10:52 | Build | Palisade Wall |
| 11:00 | Build | House |
| 11:01 | Build | Palisade Wall |
| 11:01 | Build | Palisade Wall |
| 11:09 | Build | Palisade Wall |
| 11:12 | Create | Villager (Male) |
| 11:13 | Create | Unit 2550 |
| 11:18 | Build | House |
| 11:20 | Build | House |
| 11:25 | Build | Palisade Gate |
| 11:32 | Build | Farm |
| 11:36 | Create | Villager (Male) |
| 11:44 | Build | Farm |
| 11:55 | Create | Unit 2550 |
| 12:03 | Build | Farm |
| 12:06 | Build | Farm |
| 12:08 | Create | Villager (Male) |
| 12:29 | Build | Farm |
| 12:35 | Create | Villager (Male) |
| 12:43 | Build | Palisade Wall |
| 12:47 | Create | Unit 2550 |
| 13:00 | Create | Villager (Male) |
| 13:12 | Create | Villager (Male) |
| 13:19 | Create | Unit 2550 |
| 13:26 | Build | Barracks |
| 13:30 | Build | House |
| 13:34 | Create | Unit 2550 |
| 13:38 | Build | Farm |
| 13:42 | Build | Farm |
| 13:45 | Build | Palisade Wall |
| 13:47 | Build | Palisade Wall |
| 13:48 | Create | Villager (Male) |
| 13:59 | Create | Unit 2550 |
| 14:08 | Create | Villager (Male) |
| 14:14 | Build | Palisade Wall |
| 14:17 | Build | Palisade Wall |
| 14:19 | Build | Palisade Wall |
| 14:24 | Create | Villager (Male) |
| 14:28 | Build | Blacksmith |
| 14:50 | Create | Unit 2550 |
| 14:51 | Create | Unit 2550 |
| 15:07 | Create | Unit 2550 |
| 15:08 | Create | Unit 2550 |
| 15:23 | Create | Unit 2550 |
| 15:27 | Create | Villager (Male) |
| 15:31 | Create | Unit 2550 |
| 15:38 | Build | Farm |
| 15:39 | Build | Farm |
| 15:52 | Create | Villager (Male) |
| 15:54 | Build | Farm |
| 15:55 | Build | Farm |
| 15:58 | Build | Palisade Wall |
| 15:59 | Build | Palisade Wall |
| 16:10 | Build | Palisade Wall |
| 16:14 | Create | Unit 2550 |
| 16:14 | Create | Unit 2550 |
| 16:22 | Create | Unit 2550 |
| 16:22 | Create | Unit 2550 |
| 16:46 | Create | Villager (Male) |
| 16:51 | Build | Farm |
| 17:09 | Build | Farm |
| 17:09 | Build | Farm |
| 17:10 | Create | Villager (Male) |
| 17:12 | Create | Unit 2550 |
| 17:12 | Create | Unit 2550 |
| 17:16 | Build | House |
| 17:19 | Build | Palisade Wall |
| 17:21 | Create | Villager (Male) |
| 17:23 | Build | Palisade Wall |
| 17:30 | Build | Palisade Wall |
| 17:39 | Create | Unit 2550 |
| 17:39 | Create | Unit 2550 |
| 17:46 | Create | Villager (Male) |
| 17:56 | Create | Unit 2550 |
| 18:00 | Build | Farm |
| 18:05 | Build | Farm |
| 18:09 | Create | Villager (Male) |
| 18:11 | Build | Farm |
| 18:13 | Create | Unit 2550 |
| 18:23 | Create | Unit 2550 |
| 18:23 | Create | Unit 2550 |
| 18:36 | Create | Unit 2550 |
| 18:45 | Research | Scale Mail Armor |
| 18:47 | Create | Villager (Male) |
| 18:56 | Build | Farm |
| 19:02 | Build | Farm |
| 19:14 | Create | Unit 2550 |
| 19:14 | Create | Unit 2550 |
| 19:15 | Create | Villager (Male) |
| 19:23 | Build | Palisade Gate |
| 19:36 | Research | Forging |
| 19:37 | Create | Villager (Male) |
| 19:56 | Create | Unit 2550 |
| 19:56 | Create | Unit 2550 |
| 20:04 | Create | Villager (Male) |
| 20:06 | Build | Farm |
| 20:18 | Create | Villager (Male) |
| 20:30 | Build | Palisade Wall |
| 20:42 | Build | Settlement |
| 20:46 | Create | Villager (Male) |
| 21:16 | Create | Villager (Male) |
| 22:10 | Create | Villager (Male) |
| 22:14 | Build | Market |
| 22:30 | Create | Villager (Male) |
| 22:42 | Build | Archery Range |
| 22:53 | Research | Castle Age |
Build order — Rayzor
First 150 of 160 actions detected
| 0:00 | Create | Villager (Male) ×4 |
| 0:01 | Build | House |
| 0:02 | Build | House |
| 1:18 | Create | Villager (Male) |
| 1:44 | Build | Settlement |
| 1:53 | Build | Settlement |
| 1:55 | Create | Villager (Male) |
| 2:17 | Create | Villager (Male) |
| 2:18 | Create | Villager (Male) |
| 2:42 | Create | Villager (Male) |
| 3:03 | Create | Villager (Male) |
| 3:35 | Create | Villager (Male) |
| 4:03 | Create | Villager (Male) |
| 4:24 | Create | Villager (Male) |
| 4:25 | Create | Villager (Male) |
| 4:44 | Create | Villager (Male) |
| 4:44 | Create | Villager (Male) |
| 5:18 | Build | Barracks |
| 5:21 | Create | Villager (Male) |
| 5:36 | Create | Villager (Male) |
| 5:41 | Build | House |
| 5:43 | Build | Palisade Wall |
| 5:43 | Build | Palisade Wall |
| 5:44 | Build | Palisade Wall |
| 5:45 | Build | Palisade Wall |
| 6:12 | Create | Unit 2550 |
| 6:33 | Create | Unit 2550 |
| 6:33 | Create | Unit 2550 |
| 6:34 | Create | Villager (Male) |
| 6:46 | Create | Villager (Male) |
| 6:51 | Build | Settlement |
| 6:56 | Create | Villager (Male) |
| 7:07 | Create | Villager (Male) |
| 7:11 | Create | Villager (Male) |
| 7:28 | Create | Unit 2550 |
| 7:46 | Create | Villager (Male) |
| 8:06 | Create | Villager (Male) |
| 8:08 | Build | Farm |
| 8:18 | Create | Villager (Male) |
| 8:20 | Build | Farm |
| 8:35 | Create | Villager (Male) |
| 8:36 | Build | Farm |
| 8:39 | Create | Unit 2550 |
| 8:41 | Create | Villager (Male) |
| 8:52 | Create | Unit 2550 |
| 9:09 | Create | Unit 2550 |
| 9:10 | Create | Villager (Male) |
| 9:25 | Create | Villager (Male) |
| 9:26 | Build | Farm |
| 9:41 | Create | Villager (Male) |
| 9:45 | Create | Unit 2550 |
| 9:49 | Build | Farm |
| 10:10 | Research | Loom |
| 10:25 | Build | Settlement |
| 10:35 | Research | Feudal Age |
| 10:56 | Create | Unit 2550 |
| 10:56 | Create | Unit 2550 |
| 10:56 | Create | Unit 2550 |
| 11:14 | Create | Unit 2550 |
| 11:22 | Build | Barracks |
| 11:30 | Build | House |
| 11:33 | Build | Palisade Wall |
| 11:53 | Build | Farm |
| 11:56 | Build | Farm |
| 12:10 | Create | Unit 2550 |
| 12:36 | Create | Unit 2550 |
| 12:45 | Create | Unit 2550 |
| 12:56 | Create | Villager (Male) |
| 12:59 | Build | Palisade Wall |
| 13:00 | Age | Feudal Age |
| 13:01 | Build | Palisade Wall |
| 13:02 | Build | Palisade Wall |
| 13:06 | Build | Palisade Wall |
| 13:09 | Research | Tech 1402 |
| 13:19 | Create | Villager (Male) |
| 13:27 | Create | Villager (Male) |
| 13:29 | Build | Farm |
| 13:32 | Create | Unit 2550 |
| 13:35 | Create | Villager (Male) |
| 13:42 | Build | Farm |
| 13:43 | Build | Farm |
| 13:45 | Research | Double-Bit Axe |
| 13:58 | Research | Horse Collar |
| 14:01 | Create | Villager (Male) |
| 14:07 | Create | Unit 2550 |
| 14:08 | Create | Unit 2550 |
| 14:20 | Create | Villager (Male) |
| 14:39 | Create | Unit 2550 |
| 14:40 | Create | Unit 2550 |
| 14:51 | Create | Unit 2550 |
| 14:55 | Create | Villager (Male) |
| 15:03 | Create | Villager (Male) |
| 15:09 | Build | Blacksmith |
| 15:18 | Create | Villager (Male) |
| 15:20 | Create | Unit 2550 |
| 15:20 | Create | Unit 2550 |
| 15:27 | Build | Farm |
| 15:28 | Build | Farm |
| 15:30 | Build | Farm |
| 15:42 | Create | Unit 2550 |
| 15:43 | Create | Villager (Male) |
| 15:45 | Build | Farm |
| 15:53 | Create | Villager (Male) |
| 15:57 | Research | Scale Mail Armor |
| 16:12 | Create | Villager (Male) |
| 16:29 | Research | Forging |
| 16:32 | Create | Villager (Male) |
| 16:44 | Create | Villager (Male) |
| 16:45 | Create | Unit 2550 |
| 17:03 | Create | Villager (Male) |
| 17:04 | Build | Farm |
| 17:06 | Build | Farm |
| 17:12 | Create | Villager (Male) |
| 17:14 | Build | Farm |
| 17:15 | Build | Farm |
| 17:17 | Build | Farm |
| 17:57 | Build | Farm |
| 18:10 | Build | Settlement |
| 18:31 | Research | Wheelbarrow |
| 19:05 | Build | Farm |
| 19:36 | Create | Villager (Male) |
| 19:51 | Build | Market |
| 20:00 | Build | Archery Range |
| 20:08 | Create | Unit 2550 |
| 20:08 | Create | Unit 2550 |
| 20:28 | Research | Castle Age |
| 20:37 | Create | Unit 2550 |
| 20:38 | Create | Unit 2550 |
| 20:42 | Build | Settlement |
| 20:46 | Build | House |
| 20:47 | Build | House |
| 20:58 | Create | Unit 2550 |
| 20:59 | Create | Unit 2550 |
| 21:06 | Create | Unit 2550 |
| 21:07 | Create | Unit 2550 |
| 21:22 | Create | Unit 2550 |
| 21:22 | Create | Unit 2550 |
| 21:29 | Build | Archery Range |
| 21:31 | Build | House |
| 21:33 | Build | Palisade Wall |
| 21:41 | Create | Unit 2550 |
| 21:42 | Create | Unit 2550 |
| 22:25 | Create | Unit 2550 |
| 22:25 | Create | Unit 2550 |
| 22:44 | Build | Farm |
| 22:51 | Create | Unit 2550 |
| 22:51 | Create | Unit 2550 |
| 22:56 | Create | Unit 2550 |
| 22:57 | Create | Unit 2550 |
| 23:11 | Age | Castle Age |
Match timeline
| 5:18 | Rayzor · first_building Barracks |
| 5:37 | ANKR.Navvy · first_building Barracks |
| 5:43 | Rayzor · wall_segment Palisade Wall x1 |
| 5:43 | Rayzor · wall_segment Palisade Wall x1 |
| 5:44 | Rayzor · wall_segment Palisade Wall x1 |
| 5:45 | Rayzor · wall_segment Palisade Wall x1 |
| 8:06 | ANKR.Navvy · wall_segment Palisade Wall x1 |
| 8:08 | ANKR.Navvy · wall_segment Palisade Wall x1 |
| 9:05 | ANKR.Navvy · wall_segment Palisade Wall x1 |
| 10:06 | ANKR.Navvy · age_up feudal |
| 10:52 | ANKR.Navvy · wall_segment Palisade Wall x1 |
| 11:01 | ANKR.Navvy · wall_segment Palisade Wall x1 |
| 11:01 | ANKR.Navvy · wall_segment Palisade Wall x1 |
| 11:09 | ANKR.Navvy · wall_segment Palisade Wall x3 |
| 11:33 | Rayzor · wall_segment Palisade Wall x11 |
| 12:43 | ANKR.Navvy · wall_segment Palisade Wall x6 |
| 12:59 | Rayzor · wall_segment Palisade Wall x1 |
| 13:00 | Rayzor · age_up feudal |
| 13:01 | Rayzor · wall_segment Palisade Wall x1 |
| 13:02 | Rayzor · wall_segment Palisade Wall x1 |
| 13:06 | Rayzor · wall_segment Palisade Wall x1 |
| 13:45 | ANKR.Navvy · wall_segment Palisade Wall x1 |
| 13:47 | ANKR.Navvy · wall_segment Palisade Wall x1 |
| 14:14 | ANKR.Navvy · wall_segment Palisade Wall x1 |
| 14:17 | ANKR.Navvy · wall_segment Palisade Wall x3 |
| 14:19 | ANKR.Navvy · wall_segment Palisade Wall x5 |
| 15:58 | ANKR.Navvy · wall_segment Palisade Wall x5 |
| 15:59 | ANKR.Navvy · wall_segment Palisade Wall x3 |
| 16:10 | ANKR.Navvy · wall_segment Palisade Wall x1 |
| 17:19 | ANKR.Navvy · wall_segment Palisade Wall x1 |
| 17:23 | ANKR.Navvy · wall_segment Palisade Wall x1 |
| 17:30 | ANKR.Navvy · wall_segment Palisade Wall x1 |
| 20:00 | Rayzor · first_building Archery Range |
| 20:30 | ANKR.Navvy · wall_segment Palisade Wall x1 |
| 21:33 | Rayzor · wall_segment Palisade Wall x5 |
| 22:42 | ANKR.Navvy · first_building Archery Range |
| 23:11 | Rayzor · age_up castle |
| 24:04 | Rayzor · first_building Monastery |
| 24:08 | ANKR.Navvy · resign |
[ AI ANALYSIS · 1 CREDIT ]
What really happened in this match?
Wolo.gg analyzes every decision: build order, eco, micro, common mistakes by bracket. Personalized analysis on WhatsApp or Discord in 30 seconds.
Civ guide
Mapuche
Perfil
Jugador #18229983